 Dungeon Crawl Stone Soup version 0.19-a0-994-g3c636f0 (webtiles) character file.

381 4thArraOfDagon the Slasher (level 6, -3/63 HPs)
             Began as a High Elf Monk on July 16, 2016.
             Was a Believer of Qazlal.
             Killed by nerve-wracking pain
             ... invoked by Menkaure
              (13 damage)
             ... on level 5 of the Dungeon.
             The game lasted 00:07:18 (1390 turns).

4thArraOfDagon the Slasher (High Elf Monk)          Turns: 1390, Time: 00:07:19

Health: -3/63      AC:  3    Str: 15    XL:     6   Next: 46%
Magic:  8/8        EV: 14    Int: 15    God:    Qazlal [**....]
Gold:   75         SH:  7    Dex: 19    Spells: 0 memorised, 5 levels left

rFire  . . .     SeeInvis .     a - +0 falchion
rCold  + + .     Gourm    .     b - +0 robe
rNeg   . . .     Faith    .     m - +0 buckler {rC+}
rPois  .         Spirit   .     (no helmet)
rElec  .         Dismiss  .     (no cloak)
rCorr  .         Reflect  .     u - +0 pair of gloves
SustAt .         Harm     .     (no boots)
MR     .....                    p - amulet of rage
Stlth  ..........               v - ring of loudness (curse)
                                j - ring of protection from cold

@: berserking, very quick, not resistant to hostile enchantments, extremely
unstealthy
A: no striking features
a: Upheaval, Renounce Religion, Evoke Berserk Rage


You were on level 5 of the Dungeon.
You worshipped Qazlal.
Qazlal was pleased with you.
You were not hungry.

You visited 1 branch of the dungeon, and saw 5 of its levels.

You collected 75 gold pieces.

Inventory:

Hand Weapons
 a - a +0 falchion (weapon)
 f - a +1 dagger of speed
Armour
 b - a +0 robe (worn)
 m - a +0 buckler of cold resistance (worn)
 u - a +0 pair of gloves (worn)
Jewellery
 j - a ring of protection from cold (left hand)
 p - an amulet of rage (around neck)
 v - a cursed ring of loudness (right hand)
Scrolls
 d - 2 scrolls of teleportation {unknown}
 e - 3 scrolls of identify {unknown}
 g - a scroll of recharging {unknown}
 i - a scroll of remove curse {unknown}
 k - a scroll of immolation {unknown}
 l - a scroll of enchant armour {unknown}
 n - a scroll of noise {unknown}
 q - a scroll of blinking {unknown}
 t - a scroll of amnesia {unknown}
Potions
 w - a potion of flight
Books
 o - a book of Transfigurations

   Spells                             Type                      Level
   a - Irradiate                      Conjuration/Transmutation    5
   b - Statue Form                    Transmutation/Earth          6
   c - Hydra Form                     Transmutation                6
   d - Dragon Form                    Transmutation                7
Comestibles
 c - 3 bread rations
 s - a slice of pizza


   Skills:
 + Level 3.5 Fighting
 * Level 6.0 Long Blades
 + Level 4.5 Dodging
 + Level 3.7 Stealth
 + Level 2.6 Invocations
 + Level 1.3 Evocations


You had 5 spell levels left.
You didn't know any spells.

Dungeon Overview and Level Annotations

Branches:
Dungeon (5/15)
 Temple: D:4-7

Altars:
Qazlal
Ru

Annotations:
D:5 Menkaure


Message History

You feel yourself moving faster!
You feel mighty! Menkaure hits you!!
* * * LOW HITPOINT WARNING * * *
A quokka comes into view.
You slash Menkaure!
Menkaure is moderately damaged.
You block Menkaure's attack.
Unknown command.
You completely miss Menkaure.
Menkaure is moderately damaged.
Unknown command.
You slash Menkaure!
Menkaure is severely damaged.
Menkaure casts a spell.
Menkaure seems to speed up.
Unknown command.
You hit Menkaure.
Menkaure is almost destroyed.
Menkaure casts a spell at you. Pain shoots through your body!
You die...

# #.# . ..# .##
..# ..#..#
#.... #
#.l.##.#
###.#§.§...#.#
#.....@......#
......§.M......
.#.#.#..#######
........#
.#.#.#.r#
........#
.#.#.#..#
........#


You could see Menkaure, a quokka and a giant newt.

Vanquished Creatures
  The ghost of Drakanon the Ogre Mage, an amateur OgWz (D:3)
  A worker ant (D:4)
  8 gnolls (D:2)
  2 adders
  A worm (D:2)
  A dart slug (D:2)
  A giant gecko (D:2)
  4 giant cockroaches
  8 goblins
  5 hobgoblins
  2 jackals (D:3)
  A ball python (D:2)
  2 bats
  A giant newt (D:2)
  5 kobolds (D:2)
  4 rats
47 creatures vanquished.

Notes
Turn   | Place    | Note
-------+----------+-------------------------------------------
     0 | D:1      | 4thArraOfDagon the High Elf Monk began the quest for the Orb.
     0 | D:1      | Reached XP level 1. HP: 16/16 MP: 2/2
     0 | D:1      | lets try riposte
   149 | D:2      | Found a stormy altar of Qazlal.
   154 | D:2      | Reached XP level 2. HP: 15/21 MP: 3/3
   157 | D:2      | Became a worshipper of Qazlal Stormbringer
   157 | D:2      | Reached * piety under Qazlal
   157 | D:2      | Reached ** piety under Qazlal
   181 | D:2      | Reached skill level 4 in Long Blades
   505 | D:2      | Reached XP level 3. HP: 15/26 MP: 4/4
   553 | D:2      | Reached skill level 1 in Invocations
   651 | D:2      | Found a sacrificial altar of Ru.
   658 | D:2      | Reached XP level 4. HP: 27/31 MP: 5/5
   702 | D:2      | Reached skill level 5 in Long Blades
   907 | D:3      | Reached XP level 5. HP: 16/36 MP: 7/7
   994 | D:3      | Noticed Drakanon's ghost (amateur OgWz)
  1109 | D:3      | Killed Drakanon's ghost
  1109 | D:3      | Reached skill level 6 in Long Blades
  1109 | D:3      | Reached skill level 1 in Evocations
  1109 | D:3      | Reached XP level 6. HP: 9/42 MP: 8/8
  1304 | D:4      | HP: 1/42 [scorpion (2)]
  1384 | D:5      | Entered Level 5 of the Dungeon
  1384 | D:5      | Noticed Menkaure
  1390 | D:5      | Killed from afar by Menkaure

Vault maps used:
D:1:      minmay_arrival_semitransparent, roderic_lattice_a,
          wad_floor_pattern_2, minivault_4, minmay_splitting_lines,
          kennysheep_flooded_box, due_unseen_surprise
D:2:      overflow_temple_1_default, lemuel_crystal_altar, ecumenical_altar_2,
          minmay_goblin_kobold_house
D:3:      first_bread
D:4:      corexii_shack_village, uniq_pikel
D:5:      serial_glass, glass_columns_c, glass_columns_c,
          kennysheep_generic_room_9, uniq_menkaure

Skill      XL: |  1  2  3  4  5 |
---------------+----------------+-----
Long Blades    | 4 5 6 |  6.0
Invocations    | 1 2 |  2.6
Stealth        | 3 |  3.7
Dodging        | 4 |  4.5
Evocations     | 1 |  1.3
Fighting       | |  3.5

Action                   |  1- 3 |  4- 6 || total
-------------------------+-------+-------++-------
Melee: Falchion          |    75 |   114 ||   189
       Dagger            |    10 |    10 ||    20
Invok: Upheaval          |       |     2 ||     2
 Abil: Evoke Berserk Rag |       |     1 ||     1
  Use: Potion            |     1 |     4 ||     5
  Eat: Chunk             |       |     1 ||     1
       Beef jerky        |       |     1 ||     1
Armor: Robe              |     8 |    13 ||    21
Dodge: Dodged            |    39 |    54 ||    93
Block: Other             |     5 |    12 ||    17
       Buckler           |       |     6 ||     6
